AoeStats
← 凉拌皮蛋

African Clearing

504023274Analyzed
4v4 RM · 29d ago on Sep 3, 2026· 45m 27s· 8 players
Game mode
Random Map
Map size
Large (8 player)
Population
200
Speed
Normal
Resources
Standard
Victory
Conquest
Starting age
Dark Age
Ending age
Imperial Age
RankedLock teamsTeams togetherTeam positionsShared explorationLock speedFull tech treeHidden civsTurbo modeCheats
Victory
Defeat
🇹🇼 Huns · Taiwan
2002
+6
🇹🇼 Ethiopians · Taiwan
1927
+8
🇹🇼 Persians · Taiwan
1910
+9
🇹🇼 Huns · Taiwan
1676
+20
🇨🇳 Mapuche · China
1981
-20
🇩🇪 Celts · Germany
1768
-10
🇩🇰 Tatars · Denmark
1717
-9
🇨🇳 Berbers · China
1523
-4
CristinaLover
13:10 Loom
15:20 Feudal Age
16:04 Double-Bit Axe
16:45 Fletching
24:25 Castle Age
34:40 Wheelbarrow
34:56 Bow Saw
35:33 Bodkin Arrow
凉拌皮蛋
14:20 Feudal Age
16:47 Double-Bit Axe
19:21 Castle Age
17:59 Loom
18:45 Fletching
19:05 Town Watch
19:09 Fishing Lines
20:23 Bow Saw
20:20 Gillnets
22:06 Kasbah
23:50 Horse Collar
28:09 Heavy Plow
28:11 Bodkin Arrow
30:28 Padded Archer Armor
32:20 Wheelbarrow
33:16 Ballistics
36:27 Imperial Age
34:58 Gold Mining
34:58 Stone Mining
35:10 Heavy Plow
35:45 Bloodlines
35:36 Husbandry
35:44 Scale Barding Armor
36:56 Chain Barding Armor
36:46 Forging
36:33 Heavy Camel Rider
38:56 Plate Barding Armor
40:07 Gold Shaft Mining
40:34 Stone Shaft Mining
40:23 Hand Cart
41:07 Iron Casting
41:30 Town Patrol
41:26 Capped Ram
43:16 Blast Furnace
42:40 Conscription
43:42 Chemistry
43:52 Cavalier
45:41 Bracer
45:56 Leather Archer Armor
_LY_lyx
13:09 Feudal Age
17:04 Castle Age
15:22 Double-Bit Axe
16:20 Fishing Lines
17:40 Loom
18:33 Forging
18:34 Bow Saw
18:15 Gillnets
24:28 Wheelbarrow
24:03 Horse Collar
28:12 Gold Mining
28:14 Stone Mining
30:22 Hand Cart
30:12 Heavy Plow
34:05 Imperial Age
31:35 Fletching
31:45 Padded Archer Armor
31:50 Town Watch
33:22 Bodkin Arrow
33:42 Leather Archer Armor
33:31 Malon
35:09 Ballistics
35:01 Butalmapu
35:09 Town Patrol
35:51 Gold Shaft Mining
35:09 Stone Mining
35:56 Conscription
36:46 Chemistry
36:19 Elite Bolas Rider
38:04 Coinage
37:19 Capped Ram
39:33 Ring Archer Armor
41:48 Iron Casting
[o.p.]Oliver_Khan
6:24 Loom
13:50 Feudal Age
15:02 Town Watch
17:43 Castle Age
35:49 Double-Bit Axe
40:49 Horse Collar
41:26 Bow Saw
ANKR.Navvy
9:02 Loom
11:31 Feudal Age
12:37 Double-Bit Axe
12:56 Loom
14:36 Fletching
21:38 Castle Age
21:24 Gold Mining
22:20 Bodkin Arrow
21:53 Crossbowman
31:14 Horse Collar
33:05 Bow Saw
34:45 Wheelbarrow
36:07 Gold Shaft Mining
40:03 Imperial Age
38:00 Stone Mining
39:13 Ballistics
39:29 Padded Archer Armor
39:36 Thumb Ring
40:03 Capped Ram
40:44 Bracer
40:06 Arbalester
41:51 Chemistry
44:13 Siege Engineers
Sumi
5:23 Loom
12:23 Feudal Age
17:07 Scale Barding Armor
17:49 Fletching
28:01 Castle Age
31:41 Horse Collar
32:19 Double-Bit Axe
34:40 Heavy Plow
36:49 Bow Saw
40:06 Wheelbarrow
小白
14:20 Feudal Age
14:53 Double-Bit Axe
17:48 Castle Age
15:53 Fishing Lines
18:27 Bow Saw
17:59 Horse Collar
19:20 Loom
24:07 Wheelbarrow
24:31 Stone Mining
31:55 Imperial Age
29:29 Heavy Plow
29:26 Gold Mining
30:24 Scale Barding Armor
30:45 Hand Cart
31:17 Gold Shaft Mining
31:38 Stone Shaft Mining
31:31 Chain Barding Armor
31:35 Bloodlines
32:11 Forging
31:44 Cavalier
32:25 Husbandry
33:54 Plate Barding Armor
33:40 Conscription
33:42 Savar
35:19 Iron Casting
37:15 Blast Furnace
38:25 Guilds
40:44 Elite War Elephant
43:54 Two-Man Saw
42:36 Light Cavalry
散步黑鵝
7:09 Loom
13:06 Feudal Age
14:14 Double-Bit Axe
22:09 Castle Age
20:36 Gold Mining
22:41 Bloodlines
23:01 Scale Barding Armor
23:51 Gold Shaft Mining
24:07 Light Cavalry
28:18 Husbandry
33:50 Fletching
37:05 Horse Collar
38:11 Elite Skirmisher
41:01 Ballistics
44:28 Padded Archer Armor
44:26 Bodkin Arrow
44:31 Padded Archer Armor
Connection lost

Rejoining the realm…

Still unreachable

The connection could not be restored.

Session expired

The server has moved on; the page needs a fresh start.